 Dungeon Crawl Stone Soup version 0.17-a0-18-gc25b939 (webtiles) character file.

59 JacquesDerrida the Caller (level 4, -1/30 HPs)
             Began as a Merfolk Summoner on Mar 7, 2015.
             Slain by Purgy (3 damage)
             ... in a sewer.
             The game lasted 00:05:32 (1286 turns).

JacquesDerrida the Caller (Merfolk Summoner)        Turns: 1286, Time: 00:05:33

Health: -1/30      AC:  4    Str:  8    XL:     4   Next: 3%
Magic:  1/8        EV: 13    Int: 15    God:
Gold:   70         SH:  0    Dex: 14    Spells: 3 memorised, 1 level left

rFire  . . .     SeeInvis .     (no weapon)
rCold  + . .     Clarity  .     a - +0 robe
rNeg   . . .     SustAb   .     (no shield)
rPois  .         Gourm    .     q - +1 helmet
rElec  .         Spirit   .     (no cloak)
rCorr  .         Warding  .     (no gloves)
rMut   .         Stasis   .     (no boots)
MR     .....                    (no amulet)
Stlth  ++........               (no ring)
                                j - ring of protection from cold

@: not resistant to hostile enchantments, unstealthy
A: change form in water, swift swim
a: no special abilities


You were in a sewer.
You were not hungry.

You visited 1 branch of the dungeon, and saw 3 of its levels.
You also visited: Sewer.

You collected 70 gold pieces.

Inventory:

Missiles
 p - 8 poisoned needles
Armour
 a - a +0 robe (worn)
 q - a +1 helmet (worn)
Jewellery
 j - a ring of protection from cold (left hand)
Scrolls
 d - 2 scrolls of identify
 e - a scroll of noise
 o - a scroll of remove curse
Potions
 s - a potion of berserk rage
Books
 b - a book of Callings

   Spells                             Type                      Level
   a - Summon Small Mammal            Summoning                    1
   b - Call Imp                       Summoning                    2
   c - Call Canine Familiar           Summoning                    3
   d - Summon Guardian Golem          Hexes/Summoning              4
   e - Summon Lightning Spire         Summoning/Air                4
   f - Summon Ice Beast               Ice/Summoning                4
Comestibles
 c - 3 bread rations
 f - 6 fruits
 h - a slice of pizza
 l - 2 meat rations
 m - a chunk of flesh


   Skills:
 - Level 2.6 Dodging
 - Level 2.1 Stealth
 + Level 2.3 Spellcasting
 * Level 5.3 Summonings


You had one spell level left.
You knew the following spells:

 Your Spells              Type           Power        Failure   Level  Hunger
a - Summon Small Mammal   Summ           ###.         2%          1    #......
b - Call Imp              Summ           ###.....     4%          2    ###....
c - Call Canine Familiar  Summ           ###.....     10%         3    ###....


Dungeon Overview and Level Annotations

Branches:
Dungeon (3/15)

Altars:
Dithmenos

Annotations:
Sewer Purgy


Message History

Your hound misses Purgy.
Unknown command.
Drink which item? (? for menu, Esc to quit)
It was a potion of cancellation.
You feel magically purged.
Your hound bites Purgy.
Purgy clenches his teeth.
Purgy bites you.
* * * LOW HITPOINT WARNING * * *
Purgy claws you but does no damage. x2
Drink which item? (? for menu, Esc to quit)
Okay, then.
Read which item? (? for menu, Esc to quit)
As you read the scroll labeled FRUSIO ZENTAY, it crumbles to dust.
Forget which spell ([?*] list [ESC] exit)?
Forget which spell ([?*] list [ESC] exit)?
Okay, then.
It was a scroll of amnesia.
Your hound misses Purgy. Purgy bites you but does no damage.
Purgy claws you but does no damage. Purgy claws you.
You die...

#.#######...≈≈≈...
#..........≈≈≈≈≈††
#.#######...≈≈≈..†
#.# ##...≈...# #.#
##.....## #.#
####### #h# #T#
#@# #∩# #.# #.#
###


You could see Purgy and a friendly hound.

Vanquished Creatures
  2 bats (Sewer)
  3 giant cockroaches
  A hobgoblin (D:1)
6 creatures vanquished.

Vanquished Creatures (collateral kills)
  A giant mite (D:3)
  3 adders (D:3)
  A worm (D:3)
  An ooze (D:2)
  6 giant geckos
  A giant cockroach (D:3)
  4 hobgoblins (D:1)
  3 kobolds
  7 bats
  2 giant newts
  7 goblins
  6 rats
42 creatures vanquished.

Vanquished Creatures (others)
  A hound (Sewer)
  4 bats (D:1)
  7 rats (D:1)
12 creatures vanquished.

Grand Total: 60 creatures vanquished

Notes
Turn   | Place    | Note
--------------------------------------------------------------
     0 | D:1      | JacquesDerrida, the Merfolk Summoner, began the quest for the Orb.
     0 | D:1      | Reached XP level 1. HP: 13/13 MP: 3/3
   527 | D:1      | Reached XP level 2. HP: 13/19 MP: 0/4
   531 | D:1      | Learned a level 2 spell: Call Imp
   940 | D:3      | Reached XP level 3. HP: 24/24 MP: 0/6
   947 | D:2      | Learned a level 3 spell: Call Canine Familiar
   959 | D:2      | Found a shadowy altar of Dithmenos.
  1004 | D:3      | Reached skill level 5 in Summonings
  1192 | D:3      | Found a glowing drain.
  1220 | Sewer    | Entered a sewer
  1237 | Sewer    | Reached XP level 4. HP: 25/30 MP: 1/7
  1256 | Sewer    | Noticed Purgy
  1286 | Sewer    | Slain by Purgy

Action                   |  1- 3 |  4- 6 || total
-------------------------+-------+-------++-------
Melee: Unarmed           |    64 |     3 ||    67
 Cast: Summon Small Mamm |    25 |       ||    25
       Call Imp          |    13 |     1 ||    14
       Call Canine Famil |     6 |     1 ||     7
  Use: Scroll            |       |     6 ||     6
       Potion            |       |     3 ||     3
 Stab: Sleeping          |     2 |       ||     2
       Distracted        |     1 |       ||     1
  Eat: Chunk             |     3 |       ||     3
